 Dungeon Crawl Stone Soup version 0.31.0-9-g3a7656b989 (webtiles) character file.

Game seed: 2159788565114262406

25 qw the Shooter (level 2, -1/14 HPs)
             Began as a Spriggan Hunter on Feb 2, 2024.
             Succumbed to their own poison gas
             ... on level 1 of the Dungeon.
             The game lasted 00:00:02 (487 turns).

qw the Shooter (Spriggan Hunter)                     Turns: 487, Time: 00:00:03

Health: -1/14      AC:  2    Str:  7    XL:     2   Next: 82%
Magic:  3/3        EV: 19    Int: 10    God:
Gold:   54         SH:  0    Dex: 18    Spells: 1/1 levels left

rFire   . . .        a - +0 shortbow
rCold   . . .        (shield currently unavailable)
rNeg    . . .        c - +0 robe
rPois   .            (helmet restricted)
rElec   .            (no cloak)
rCorr   .            (gloves unavailable)
SInv    +            (boots unavailable)
Will    .....        (no amulet)
Stlth   ++           (no ring)
HPRegen 0.22/turn    (no ring)
MPRegen 0.08/turn

%: no passive effects
@: lethally poisoned (-1 -> -12), attractive, very quick
A: very small, no large weapons, unfitting armour, see invisible, speed 3
a: no special abilities


You were on level 1 of the Dungeon.
You visited 1 branch of the dungeon, and saw 1 of its levels.

You collected 54 gold pieces.


Innate Abilities, Weirdness & Mutations

You are very small and have problems with some larger weapons.
You are too small for most types of armour.
You have supernaturally acute eyesight. (SInv)
You cover ground extremely quickly. (Speed+++)


   Skills:
 - Level 1.5 Fighting
 + Level 4.3 Ranged Weapons
 - Level 4.0 Dodging
 - Level 1.5 Stealth


You had one spell level left.
You didn't know any spells.
Your spell library was empty.

Inventory:

Hand Weapons
 a - a +0 shortbow (weapon)
Armour
 c - a +0 robe (worn)

Dungeon Overview and Level Annotations

Branches:
Dungeon (1/15)

Altars:


Message History

The air fills with toxic fumes!
As you read the scroll labelled AMUPTIRHAEC, it crumbles to dust.
It was a scroll of poison.
Done exploring.
480 ||| DRINKING 3 ruby potions.
It was a potion of attraction.
You feel attractive to monsters.
Done exploring.
481 ||| DROPPING scroll of butterflies.
You drop a scroll of butterflies.
Done exploring.
482 ||| DROPPING potion of degeneration.
You drop a potion of degeneration.
Done exploring.
483 ||| DROPPING 2 potions of attraction.
You drop 2 potions of attraction.
Done exploring.
What level of the Dungeon? (default 1, ? - help) Sorry, I don't know how to get there.
Enter note:
Enter note:
Enter note:
Enter note:
Enter note:
Enter note:
Enter note:
Enter note:
Enter note:
Enter note:
Enter note:
Enter note: You are engulfed in poison gas.
You are lethally poisoned!
You feel very sick.
485 ||| Stepping ~*~*~tactically~*~*~ (cloud).
You feel sick.
Things that are here:
2 potions of attraction; a potion of degeneration; a scroll of butterflies
There is a lethal amount of poison in your body!
You feel very sick.
There is a lethal amount of poison in your body!
You die...

###...........##......#
#
##.....¤0¤¤¤¤0¤0#...##
# #.....¤¤0¤0¤¤¤0#...##
# ####..0¤¤¤¤¤¤¤¤#...##
# #..0¤¤¤0¤00¤#...## #
#..0¤00¤¤0¤¤#.#.##
#..¤¤0¤0¤0¤¤#.#.##
#..0¤¤¤00¤¤¤#...##
##.¤¤¤¤000@¤#...##
##0¤¤¤0##¤0#...##
###########.#.##
##########.#.##
##########...##
##########...##
##########...##
##########.<.## #####


There were no monsters in sight!

Vanquished Creatures
  2 dart slugs (D:1)
  A bat (D:1)
  3 endoplasms (D:1)
  3 giant cockroaches (D:1)
  3 hobgoblins (D:1)
  A ball python (D:1)
  A frilled lizard (D:1)
  2 goblins (D:1)
  2 kobolds (D:1)
18 creatures vanquished.

Notes
Turn   | Place    | Note
-------+----------+-------------------------------------------
     0 | D:1      | qw the Spriggan Hunter began the quest for the Orb.
     0 | D:1      | Reached XP level 1. HP: 10/10 MP: 2/2
     0 | D:1      | 0 ||| qw: Version: 0.3-a-155-g5e7d8dd
     0 | D:1      | 0 ||| qw: Game counter: 1902
     0 | D:1      | 0 ||| qw: Melee chars always use a shield: true
     0 | D:1      | 0 ||| qw: God list: Okawaru
     0 | D:1      | 0 ||| qw: Allow faded altars: false
     0 | D:1      | 0 ||| qw: Do Orc after clearing Dungeon:15 true
     0 | D:1      | 0 ||| qw: Do second Lair branch before Depths: true
     0 | D:1      | 0 ||| qw: Lair rune preference: random
     0 | D:1      | 0 ||| qw: Goals: Normal
     0 | D:1      | 0 ||| PLANNING D:1-11
    57 | D:1      | Reached skill level 3 in Dodging
    81 | D:1      | Reached XP level 2. HP: 14/14 MP: 3/3
   475 | D:1      | 475 ||| READING scroll labelled WOL ICASUI.
   476 | D:1      | 476 ||| READING scroll labelled MIVIN TOQUUSOU.
   476 | D:1      | 476 ||| IDENTIFYING grey potion
   477 | D:1      | 477 ||| READING scroll labelled DATHRI ZIHAIQA.
   477 | D:1      | 477 ||| ENCHANTING +0 shortbow.
   478 | D:1      | 478 ||| READING scroll labelled ZOM MACWADU.
   479 | D:1      | 479 ||| READING scroll labelled AMUPTIRHAEC.
   480 | D:1      | 480 ||| DRINKING 3 ruby potions.
   481 | D:1      | 481 ||| DROPPING scroll of butterflies.
   482 | D:1      | 482 ||| DROPPING potion of degeneration.
   483 | D:1      | 483 ||| DROPPING 2 potions of attraction.
   485 | D:1      | 485 ||| Stepping ~*~*~tactically~*~*~ (cloud).
   486 | D:1      | HP: 1/14 [poisoned by you (poison gas)]
   487 | D:1      | Succumbed to their own poison gas

Levels and vault maps discovered:
D:1:      wheals_arrival_shading, layout_rooms, minmay_misc_feat_chi,
          minmay_split_cup_small

Skill      XL: |  1  2 |
---------------+-------+-----
Dodging        | 3 4 |  4.0
Fighting       | |  1.5
Ranged Weapons | |  4.3
Stealth        | |  1.5

Action                     || total
---------------------------++-------
   Fire: Shortbow          ||    48
    Use: Scroll            ||     5
         Potion            ||     1
 Armour: Robe              ||     3
  Dodge: Dodged            ||    12

Table legend:
 A = Non-vault XP
 B = Vault XP
 C = Vault XP percentage of total XP
 D = Non-vault monster count
 E = Vault monster count
 F = Vault count percentage of total count
                 A         B        C        D         E       F
            +---------+---------+-------+---------+---------+-------
      Total |      31 |       5 |  13.9 |      15 |       3 |  16.7
            +---------+---------+-------+---------+---------+-------
        D:1 |      31 |       5 |  13.9 |      15 |       3 |  16.7
            +---------+---------+-------+---------+---------+-------
